Map: Cactus Valley LE (Void)

Players

Manderda - Winner!

  • Race: Zerg Zerg

Tooth

  • Race: Protoss Protoss

VOD

Have the link to the VOD?

Description

Time

  • Played on: May 10, 2015, 10:15 a.m.
  • Length: 12:06
Show
View Real Time Build Order
Export as new Build Order

Manderda Zerg - Winner!

Build Orders: Hatch First 

Get SALT Encoding   

  12  0:08  Overlord  
  12  0:13  Drone  
  13  0:23  Drone  
  13  0:26  Drone  
  15  0:32  Drone  
  16  0:51  Hatchery  
  16  0:54  Drone  
  16  0:57  Drone  
  17  1:12  Spawning Pool  
  17  1:17  Drone  
  17  1:20  Drone  
  18  1:28  Overlord  
  18  1:47  Drone x2  
  20  2:01  Queen  
  20  2:03  Queen  
  20  2:05  Drone x2  
  26  2:09  Spine Crawler  
  26  2:15  Drone x2  
  27  2:33  Drone x3  
  27  2:35  Overlord  
  30  2:41  Extractor  
  30  2:44  Queen  
  29  2:45  Queen  
  29  2:47  Zergling x4  
  35  2:58  Drone x2  
  37  3:02  Overlord  
  37  3:08  Drone  
  38  3:15  Drone x6  
  38  3:16  Overlord  
  44  3:20  Extractor  
  44  3:21  Extractor  
  44  3:22  Extractor  
  44  3:23  Extractor  
  44  3:25  Drone x3  
  43  3:33  Drone  
  44  3:39  Drone x2  
  46  3:47  Drone x5  
  51  3:55  Drone x3  
  54  3:56  Overlord  
  54  4:02  Drone x2  
  56  4:08  Lair  
  56  4:12  Roach Warren  
  56  4:13  Evolution Chamber  
  56  4:16  Evolution Chamber  
  51  4:18  Drone x2  
  51  4:27  Zergling x12  
  57  4:34  Queen  
  41  4:53  Roach  
  41  4:54  Roach x4  
  39  5:17  Drone x4  
  38  5:29  Roach x2  
  36  5:39  Queen  
  34  5:48  Drone x2  
  34  5:55  Zerg Missile Weapons Level 1  
  32  6:10  Drone x2  
  34  6:13  Drone x4  
  38  6:20  Spore Crawler  
  37  6:35  Drone  
  37  6:36  Drone  
  37  6:39  Spine Crawler  
  38  6:40  Drone x2  
  38  6:43  Glial Reconstitution  
  38  6:44  Queen  
  38  6:46  Drone  
  43  6:52  Drone  
  44  6:57  Drone x2  
  46  7:07  Drone  
  47  7:14  Drone  
  48  7:16  Zerg Ground Armor Level 1  
  48  7:23  Overlord x2  
  48  7:25  Roach x3  
  54  7:41  Drone  
  54  7:42  Drone  
  56  7:47  Hatchery  
  56  7:48  Roach x2  
  59  7:54  Drone x3  
  62  8:06  Zerg Missile Weapons Level 2  
  62  8:11  Roach x3  
  68  8:14  Overlord  
  68  8:16  Ravager  
  68  8:17  Ravager  
  70  8:23  Burrow  
  70  8:25  Drone x2  
  72  8:34  Roach x3  
  74  8:40  Overlord  
  78  8:52  Roach x5  
  88  9:03  Roach  
  88  9:04  Roach x3  
  96  9:11  Drone x4  
  92  9:39  Roach  
  92  9:40  Roach x7  
  106  9:48  Overlord x2  
  106  9:50  Roach x7  
  106  9:54  Queen  
  100  10:02  Roach x3  
  100  10:05  Roach x4  
  100  10:09  Roach x7  
  100  10:16  Roach x3  
  85  10:45  Roach x8  
  85  10:46  Roach x9  
  110  10:58  Roach  
  110  10:59  Roach x21  
  122  11:11  Overlord x3  
  122  11:21  Overlord x2, Spine Crawler  
  119  11:28  Ravager x3  
  119  11:29  Roach x11  
  119  11:31  Roach x5  
  119  11:32  Roach x2  
  136  11:36  Drone x3  
Show
View Real Time Build Order
Export as new Build Order

Tooth Protoss 

Build Orders: Mass Adepts 

Get SALT Encoding   

  12  0:04  Probe  
  13  0:15  Pylon  
  13  0:17  Probe  
  14  0:33  Probe (Chrono Boost)  
  15  0:38  Gateway  
  16  0:43  Probe (Chrono Boost)  
  16  0:45  Assimilator  
  16  0:50  Probe  
  17  1:02  Probe (Chrono Boost)  
  18  1:04  Pylon  
  18  1:14  Probe (Chrono Boost)  
  19  1:22  Probe (Chrono Boost)  
  20  1:27  Cybernetics Core  
  20  1:33  Gateway  
  20  1:37  Probe  
  21  1:49  Probe  
  22  2:03  Warp Gate (Chrono Boost)  
  22  2:11  Mothership Core (Chrono Boost)  
  24  2:30  Nexus  
  24  2:50  Probe  
  25  2:59  Gateway x2  
  25  3:01  Gateway  
  25  3:02  Probe  
  25  3:04  Gateway  
  26  3:14  Probe  
  26  3:15  Pylon  
  27  3:27  Probe (Chrono Boost)  
  28  3:39  Probe (Chrono Boost)  
  29  3:48  Probe (Chrono Boost)  
  30  3:56  Adept x2  
  30  3:58  Adept x3  
  30  3:59  Adept  
  42  4:20  Zealot x4  
  41  4:39  Adept  
  41  4:40  Adept x4  
  51  4:48  Probe  
  51  4:49  Probe  
  47  4:56  Pylon  
  47  4:57  Pylon  
  42  5:10  Zealot  
  42  5:11  Zealot  
  32  5:53  Sentry  
  32  5:54  Sentry x2  
  38  6:00  Probe (Chrono Boost)  
  38  6:01  Probe (Chrono Boost)  
  40  6:07  Stalker  
  40  6:08  Zealot x2  
  47  6:12  Probe x2 (Chrono Boost)  
  48  6:18  Probe x2 (Chrono Boost)  
  49  6:29  Probe (Chrono Boost)  
  49  6:30  Probe (Chrono Boost)  
  51  6:41  Probe (Chrono Boost)  
  52  6:50  Pylon x2  
  52  6:51  Assimilator  
  52  6:53  Pylon, Assimilator  
  52  6:54  Pylon  
  52  6:57  Pylon, Assimilator  
  52  7:01  Robotics Facility  
  52  7:08  Probe x2  
  54  7:20  Probe x2 (Chrono Boost)  
  58  7:30  Probe x2 (Chrono Boost)  
  56  7:37  Probe x2 (Chrono Boost)  
  56  7:44  Immortal (Chrono Boost)  
  58  7:47  Robotics Facility  
  58  7:48  Probe x2 (Chrono Boost)  
  64  7:51  Sentry  
  64  7:54  Probe (Chrono Boost)  
  64  7:55  Probe (Chrono Boost)  
  70  8:06  Probe x2 (Chrono Boost)  
  70  8:12  Probe x2 (Chrono Boost)  
  72  8:14  Gateway  
  72  8:26  Immortal (Chrono Boost)  
  76  8:28  Nexus  
  76  8:41  Immortal (Chrono Boost)  
  80  8:43  Probe x2  
  80  8:48  Pylon  
  82  9:10  Immortal (Chrono Boost)  
  82  9:12  Immortal (Chrono Boost)  
  86  9:18  Stalker x2  
  86  9:22  Zealot  
  89  9:42  Immortal (Chrono Boost)  
  89  9:44  Immortal (Chrono Boost)  
  97  9:50  Probe  
  98  9:53  Probe  
  98  9:59  Sentry  
  97  10:02  Probe  
  95  10:15  Stalker, Observer (Chrono Boost)  
  95  10:16  Stalker x3  
  95  10:17  Observer (Chrono Boost)  
  95  10:19  Zealot  
  90  10:32  Probe x2  
  83  10:44  Probe x2  
  85  10:56  Probe (Chrono Boost)  
  73  10:57  Probe (Chrono Boost)  
  73  11:07  Probe x2 (Chrono Boost)  
  75  11:13  Probe x2  
  77  11:24  Pylon  
  77  11:25  Probe  
Tags
 
Add a new tag
Caveats
  • Supply blocks, unpowered buildings, or Contaminate may cause inaccurate times.
  • Supply counts are checked every 10 seconds.